 Dungeon Crawl Stone Soup version 0.18.1-48-g4cf74bf (webtiles) character file.

75 Jerry the Cudgeler (level 4, -1/37 HPs)
             Began as a Minotaur Gladiator on Aug 13, 2016.
             Slain by a gnoll
             ... wielding a +0 spear
              (2 damage)
             ... on level 2 of the Dungeon.
             The game lasted 00:04:59 (1428 turns).

Jerry the Cudgeler (Minotaur Gladiator)             Turns: 1428, Time: 00:05:00

Health: -1/37      AC:  6    Str: 20    XL:     4   Next: 11%
Magic:  3/3        EV: 12    Int:  5    God:
Gold:   73         SH:  0    Dex: 11    Spells: 0 memorised, 3 levels left

rFire  . . .     SeeInvis .     m - +0 whip
rCold  . . .     Gourm    .     l - +0 leather armour (curse)
rNeg   . . .     Faith    .     (no shield)
rPois  .         Spirit   .     c - +0 hat
rElec  .         Dismiss  .     o - +0 cloak
rCorr  .         Reflect  .     e - +1 pair of gloves
SustAt .         Harm     .     (no boots)
MR     .....                    (no amulet)
Stlth  +.........               (no ring)
                                (no ring)

@: not resistant to hostile enchantments, very unstealthy
A: retaliatory headbutt, horns 2
a: no special abilities


You were on level 2 of the Dungeon.
You were hungry.

You visited 1 branch of the dungeon, and saw 2 of its levels.

You collected 73 gold pieces.

Inventory:

Hand Weapons
 a - a +0 flail
 m - a +0 whip (weapon)
Missiles
 d - 3 throwing nets (quivered)
Armour
 b - a +0 leather armour
 c - a +0 hat (worn)
 e - a +1 pair of gloves (worn)
 l - a cursed +0 leather armour (worn)
 o - a +0 cloak (worn)
Scrolls
 h - a scroll of teleportation {unknown}
 j - 2 scrolls of identify {unknown}
 n - a scroll of enchant armour {unknown}
Potions
 g - a potion of heal wounds {unknown}
 i - a potion of agility {unknown}
 k - 2 potions of curing {unknown}
Comestibles
 f - 2 bread rations


   Skills:
 - Level 2.4 Fighting
 + Level 4.8 Maces & Flails
 - Level 2.0 Throwing
 + Level 3.3 Armour
 - Level 3.2 Dodging


You had 3 spell levels left.
You didn't know any spells.

Dungeon Overview and Level Annotations

Branches:
Dungeon (2/15)

Altars:
Cheibriados


Innate Abilities, Weirdness & Mutations

You reflexively headbutt those who attack you in melee.
You have a pair of horns on your head.


Message History

You hit the gnoll. Your headbutt misses the gnoll.
The gnoll is severely wounded.
The gnoll hits you with a dagger.
You barely miss the gnoll.
The gnoll is severely wounded.
The gnoll hits you with a dagger.
You hit the gnoll.
You kill the gnoll!
You have reached level 4!
You feel stronger.
There is a stone staircase leading down here.
There is a stone staircase leading down here.
The gnoll hits you from afar with a spear.
* * * LOW HITPOINT WARNING * * *
The gnoll misses you.
You are too injured to fight recklessly!
The gnoll hits you with a spear!
* * * LOW HITPOINT WARNING * * *
You closely miss the gnoll. The gnoll hits you with a spear.
You die...

.###.# .# #.# .###.# .....#
############ ###### #..........#
..#### #####..........#
.....###..............#
#.##.#.........##################
................@g..........>.)).
..##.#.........###########.######
.....#....###### #.# .....#....#
##.##### #....#....#
########......# #....#....#
#.............+
#.........########.######......
.....................# #...g..
........ ########.#.#####.#####


You could see a gnoll.

Vanquished Creatures
  2 gnolls (D:2)
  2 adders (D:2)
  A worm (D:2)
  A dart slug (D:2)
  A giant gecko (D:2)
  A ball python (D:2)
  2 giant cockroaches
  A goblin (D:1)
  5 hobgoblins
  9 kobolds
  A bat (D:1)
  3 giant newts
  3 rats (D:1)
32 creatures vanquished.

Notes
Turn   | Place    | Note
--------------------------------------------------------------
     0 | D:1      | Jerry the Minotaur Gladiator began the quest for the Orb.
     0 | D:1      | Reached XP level 1. HP: 18/18 MP: 0/0
   210 | D:1      | Reached skill level 1 in Armour
   372 | D:1      | Reached XP level 2. HP: 25/25 MP: 1/1
   376 | D:1      | Reached skill level 4 in Maces & Flails
   762 | D:2      | Reached XP level 3. HP: 24/30 MP: 2/2
  1219 | D:2      | Found a snail-covered altar of Cheibriados.
  1405 | D:2      | Reached XP level 4. HP: 13/37 MP: 3/3
  1427 | D:2      | HP: 1/37 [gnoll/spear (8)]
  1428 | D:2      | Slain by a gnoll

Skill      XL: |  1  2  3 |
---------------+----------+-----
Armour         | 1 2 3 |  3.3
Maces & Flails | 4 |  4.8
Fighting       | |  2.4
Throwing       | |  2.0
Dodging        | |  3.2

Action                   |  1- 3 |  4- 6 || total
-------------------------+-------+-------++-------
Melee: Flail             |    32 |       ||    32
       Whip              |    67 |     1 ||    68
       Headbutt          |    11 |       ||    11
  Eat: Chunk             |     1 |       ||     1
Armor: Leather armour    |    26 |       ||    26
Dodge: Dodged            |    50 |     1 ||    51
